| TOP OF THE 1ST |
|
Cincinnati (NYP) Reds batting - Pitching for Boise Hawks : RHP Josh Blaschke
|
|
Pitching: RHP Josh Blaschke
|
|
|
Batting: RHB Badr al Din Ridha
|
0-0: Ball 1-0: Swinging Strike 1-1: Ball 2-1: Foul Ball, location: 2F 2-2: Foul Ball, location: 2F 2-2: Foul Ball, location: 2F 2-2: Ball 3-2: Ground out 6-3 (Groundball, 6, EV 103.1 MPH)
|
|
Batting: SHB Cesar Pelayo
|
0-0: Ball 1-0: Ball 2-0: Foul Ball, location: 2F 2-1: Ball 3-1: Base on Balls
|
|
Batting: SHB David Garnica
|
0-0: Ball 1-0: Swinging Strike 1-1: Ball 2-1: Ball 3-1: DOUBLE (Flyball, 78D, EV 97.5 MPH) Cesar Pelayo to third
|
|
Batting: RHB Chris Christaldi
|
0-0: Ball 1-0: Swinging Strike 1-1: Ball 2-1: Ball 3-1: Base on Balls
|
|
Batting: LHB Josh Slusarczyk
|
0-0: Called Strike 0-1: Ball 1-1: Fly out, F8 (Flyball, 8RM, EV 84.4 MPH)
|
|
Batting: RHB Alex de Leon
|
0-0: Called Strike 0-1: Fly out, F9 (Flyball, 89S, EV 95.6 MPH)
|
| Top of the 1st over - 0 runs, 1 hit, 0 errors, 3 left on base; Cincinnati (NYP) 0 - Boise 0 |
| BOTTOM OF THE 1ST |
|
Boise Hawks batting - Pitching for Cincinnati (NYP) Reds : RHP David Alferez
|
|
Pitching: RHP David Alferez
|
|
|
Batting: SHB Clayton Saunders
|
0-0: Swinging Strike 0-1: Ball 1-1: Ball 2-1: Ball 3-1: Base on Balls
|
|
Batting: RHB Seisaburo Edagawa
|
0-0: Ball Clayton Saunders steals 2nd base (no throw) 1-0: Ball 2-0: SINGLE (Groundball, 6D, EV 105.0 MPH) Clayton Saunders to third
|
|
Batting: SHB Ken Griffey IV
|
0-0: Ball 1-0: Ball 2-0: Ball 3-0: Base on Balls Seisaburo Edagawa to second
|
|
Batting: RHB Andy Rayer
|
0-0: Called Strike 0-1: Swinging Strike 0-2: Ball 1-2: Strikes out swinging
|
|
Batting: RHB Bryce Hickman
|
0-0: GRAND SLAM HOME RUN (Flyball, 7D, EV 95.0 MPH), Distance : 363 ft
|
|
Batting: RHB Yamashita Yagi
|
0-0: Ball 1-0: Called Strike 1-1: SINGLE (Groundball, 6MD, EV 103.8 MPH)
|
|
Batting: RHB Kevin McKasson
|
0-0: Called Strike 0-1: Ball Yamashita Yagi is caught stealing 2nd base 2-4 1-1: Foul Ball, location: 2F 1-2: Foul Ball, location: 2F 1-2: Ball 2-2: Fly out, F4 (Popup, 34S, EV 79.4 MPH)
|
| Bottom of the 1st over - 4 runs, 3 hits, 0 errors, 0 left on base; Cincinnati (NYP) 0 - Boise 4 |
| TOP OF THE 2ND |
|
Cincinnati (NYP) Reds batting - Pitching for Boise Hawks : RHP Josh Blaschke
|
|
Batting: RHB Yutaka Sato
|
0-0: Called Strike 0-1: Ball 1-1: Foul Ball, location: 2F 1-2: Strikes out swinging
|
|
Batting: RHB Adrian Billups
|
0-0: Fly out, F7 (Flyball, 7, EV 91.9 MPH)
|
|
Batting: LHB Mike Becerra
|
0-0: Ball 1-0: Ground out 5-3 (Groundball, 56, EV 102.5 MPH)
|
| Top of the 2nd over - 0 runs, 0 hits, 0 errors, 0 left on base; Cincinnati (NYP) 0 - Boise 4 |
| BOTTOM OF THE 2ND |
|
Boise Hawks batting - Pitching for Cincinnati (NYP) Reds : RHP David Alferez
|
|
Batting: RHB Chris Kinder
|
0-0: Ball 1-0: Foul Ball, location: 2F 1-1: Ground out 6-3 (Groundball, 6S, EV 82.5 MPH)
|
|
Batting: SHB Rich McDonald
|
0-0: Called Strike 0-1: Ball 1-1: Ball 2-1: Foul Ball, location: 2F 2-2: Ball 3-2: Strikes out swinging
|
|
Batting: SHB Clayton Saunders
|
0-0: Ball 1-0: Ball 2-0: Called Strike 2-1: Called Strike 2-2: Foul Ball, location: 2F 2-2: Foul Ball, location: 2F 2-2: Ball 3-2: Base on Balls
|
|
Batting: RHB Seisaburo Edagawa
|
0-0: Ball Clayton Saunders steals 2nd base 1-0: Ground out 3-1 (Groundball, 34S, EV 90.0 MPH)
|
| Bottom of the 2nd over - 0 runs, 0 hits, 0 errors, 1 left on base; Cincinnati (NYP) 0 - Boise 4 |
| TOP OF THE 3RD |
|
Cincinnati (NYP) Reds batting - Pitching for Boise Hawks : RHP Josh Blaschke
|
|
Batting: RHB Badr al Din Ridha
|
0-0: Ground out 4-3 (Groundball, 4, EV 83.8 MPH)
|
|
Batting: SHB Cesar Pelayo
|
0-0: Foul Ball, location: 2F 0-1: Ball 1-1: Ball 2-1: Foul Ball, location: 2F 2-2: Reached on error, E6 (Groundball, 6S, EV 86.2 MPH)
|
|
Batting: SHB David Garnica
|
0-0: Foul Ball, location: 2F 0-1: Foul Ball, location: 2F 0-2: Strikes out swinging
|
|
Batting: RHB Chris Christaldi
|
0-0: Fielders Choice at 2nd, 5-4 (Groundball, 56, EV 86.9 MPH)
|
| Top of the 3rd over - 0 runs, 0 hits, 1 error, 1 left on base; Cincinnati (NYP) 0 - Boise 4 |
| BOTTOM OF THE 3RD |
|
Boise Hawks batting - Pitching for Cincinnati (NYP) Reds : RHP David Alferez
|
|
Batting: SHB Ken Griffey IV
|
0-0: Called Strike 0-1: Foul Ball, location: 2F 0-2: Ground out 6-3 (Groundball, 6, EV 81.2 MPH)
|
|
Batting: RHB Andy Rayer
|
0-0: Ball 1-0: Ground out 6-3 (Groundball, 6M, EV 105.0 MPH)
|
|
Batting: RHB Bryce Hickman
|
0-0: Ball 1-0: Ball 2-0: Fly out, F7 (Flyball, 7D, EV 93.1 MPH)
|
| Bottom of the 3rd over - 0 runs, 0 hits, 0 errors, 0 left on base; Cincinnati (NYP) 0 - Boise 4 |
| TOP OF THE 4TH |
|
Cincinnati (NYP) Reds batting - Pitching for Boise Hawks : RHP Josh Blaschke
|
|
Batting: LHB Josh Slusarczyk
|
0-0: Ball 1-0: Foul Ball, location: 2F 1-1: Ball 2-1: Foul Ball, location: 2F 2-2: Foul Ball, location: 2F 2-2: Foul Ball, location: 2F 2-2: Ball 3-2: Ground out 6-3 (Groundball, 6, EV 91.2 MPH)
|
|
Batting: RHB Alex de Leon
|
0-0: Called Strike 0-1: Ball 1-1: Ball 2-1: Ground out 6-3 (Groundball, 6, EV 103.8 MPH)
|
|
Batting: RHB Yutaka Sato
|
0-0: Swinging Strike 0-1: Foul Ball, location: 2F 0-2: Ball 1-2: Strikes out swinging
|
| Top of the 4th over - 0 runs, 0 hits, 0 errors, 0 left on base; Cincinnati (NYP) 0 - Boise 4 |
| BOTTOM OF THE 4TH |
|
Boise Hawks batting - Pitching for Cincinnati (NYP) Reds : RHP David Alferez
|
|
Batting: RHB Yamashita Yagi
|
0-0: Foul Ball, location: 2F 0-1: Ground out 5-3 (Groundball, 56S, EV 89.4 MPH)
|
|
Batting: RHB Kevin McKasson
|
0-0: Called Strike 0-1: Foul Ball, location: 2F 0-2: Ball 1-2: Fly out, F8 (Flyball, 8RXD, EV 83.1 MPH)
|
|
Batting: RHB Chris Kinder
|
0-0: Ball 1-0: Swinging Strike 1-1: Foul Ball, location: 2F 1-2: Strikes out swinging
|
| Bottom of the 4th over - 0 runs, 0 hits, 0 errors, 0 left on base; Cincinnati (NYP) 0 - Boise 4 |
| TOP OF THE 5TH |
|
Cincinnati (NYP) Reds batting - Pitching for Boise Hawks : RHP Josh Blaschke
|
|
Batting: RHB Adrian Billups
|
0-0: Ball 1-0: Ball 2-0: Ball 3-0: Called Strike 3-1: SINGLE (Line Drive, 8LS, EV 108.1 MPH)
|
|
Batting: LHB Mike Becerra
|
0-0: Fly out, F4 (Popup, 4M, EV 66.2 MPH)
|
|
Batting: RHB Badr al Din Ridha
|
0-0: Foul Ball, location: 2F 0-1: Foul Ball, location: 2F 0-2: Fielders Choice at 2nd, 4-6 (Groundball, 4, EV 91.2 MPH)
|
|
Batting: SHB Cesar Pelayo
|
0-0: Called Strike 0-1: Ball 1-1: Called Strike 1-2: Ball Pickoff Play to 1st, Runner tries for 2nd, OUT after rundown.
|
| Top of the 5th over - 0 runs, 1 hit, 0 errors, 0 left on base; Cincinnati (NYP) 0 - Boise 4 |
| BOTTOM OF THE 5TH |
|
Boise Hawks batting - Pitching for Cincinnati (NYP) Reds : RHP David Alferez
|
|
Batting: SHB Rich McDonald
|
0-0: Called Strike 0-1: SINGLE (Line Drive, 4MD, EV 96.9 MPH)
|
|
Batting: SHB Clayton Saunders
|
0-0: Called Strike Rich McDonald steals 2nd base 0-1: Swinging Strike 0-2: Ball 1-2: Foul Ball, location: 2F 1-2: Foul Ball, location: 2F 1-2: Strikes out swinging
|
|
Batting: RHB Seisaburo Edagawa
|
0-0: Ball 1-0: Ball Rich McDonald steals 3rd base 2-0: Fly out, F8 (Flyball, 89D, EV 104.4 MPH) Runner from 3rd tags up, OUT at HOME! 8-2
|
| Bottom of the 5th over - 0 runs, 1 hit, 0 errors, 0 left on base; Cincinnati (NYP) 0 - Boise 4 |
| TOP OF THE 6TH |
|
Cincinnati (NYP) Reds batting - Pitching for Boise Hawks : RHP Josh Blaschke
|
|
Batting: SHB Cesar Pelayo
|
0-0: Ball 1-0: Ball 2-0: Fly out, F5 (Popup, 15, EV 75.6 MPH)
|
|
Batting: SHB David Garnica
|
0-0: Ball 1-0: Called Strike 1-1: Ball 2-1: Ball 3-1: Fly out, F8 (Flyball, 8RM, EV 90.6 MPH)
|
|
Batting: RHB Chris Christaldi
|
0-0: Ball 1-0: Ball 2-0: Fly out, F7 (Line Drive, 78M, EV 106.9 MPH)
|
| Top of the 6th over - 0 runs, 0 hits, 0 errors, 0 left on base; Cincinnati (NYP) 0 - Boise 4 |
| BOTTOM OF THE 6TH |
|
Boise Hawks batting - Pitching for Cincinnati (NYP) Reds : RHP David Alferez
|
|
Pitching: RHP Gabe Gutierrez
|
|
|
Batting: SHB Ken Griffey IV
|
0-0: Called Strike 0-1: Ball 1-1: Ball 2-1: Called Strike 2-2: Ball 3-2: Strikes out swinging
|
|
Batting: RHB Andy Rayer
|
0-0: Ball 1-0: Called Strike 1-1: Ball 2-1: Ground out 5-3 (Groundball, 56S, EV 83.1 MPH)
|
|
Batting: RHB Bryce Hickman
|
0-0: Swinging Strike 0-1: Called Strike 0-2: Fly out, F7 (Flyball, 7D, EV 91.2 MPH)
|
| Bottom of the 6th over - 0 runs, 0 hits, 0 errors, 0 left on base; Cincinnati (NYP) 0 - Boise 4 |
| TOP OF THE 7TH |
|
Cincinnati (NYP) Reds batting - Pitching for Boise Hawks : RHP Josh Blaschke
|
|
Batting: LHB Josh Slusarczyk
|
0-0: Ball 1-0: Ball 2-0: Ball 3-0: Base on Balls
|
|
Batting: RHB Alex de Leon
|
0-0: Sac Bunt to 3S - play at first, batter OUT! 3-1 Josh Slusarczyk to second
|
|
Batting: RHB Yutaka Sato
|
0-0: Foul Ball, location: 2F 0-1: SINGLE (Groundball, 6S, EV 96.2 MPH) Josh Slusarczyk to third
|
|
Batting: RHB Adrian Billups
|
0-0: Called Strike 0-1: Swinging Strike 0-2: Fly out, F5 (Popup, 5F, EV 65.6 MPH)
|
|
Pitching: RHP David Landa
|
|
|
Batting: LHB Mike Becerra
|
0-0: Called Strike 0-1: Foul Ball, location: 2F 0-2: Strikes out swinging
|
| Top of the 7th over - 0 runs, 1 hit, 0 errors, 2 left on base; Cincinnati (NYP) 0 - Boise 4 |
| BOTTOM OF THE 7TH |
|
Boise Hawks batting - Pitching for Cincinnati (NYP) Reds : RHP Gabe Gutierrez
|
|
Batting: RHB Yamashita Yagi
|
0-0: Foul Ball, location: 2F 0-1: SINGLE (Line Drive, 89S, EV 88.8 MPH)
|
|
Batting: RHB Kevin McKasson
|
0-0: Sac Bunt to 2R - play at first, batter OUT! 2-3 Yamashita Yagi to second
|
|
Batting: RHB Chris Kinder
|
0-0: Swinging Strike 0-1: Called Strike 0-2: Strikes out looking
|
|
Batting: SHB Rich McDonald
|
0-0: Ball 1-0: Foul Ball, location: 2F 1-1: Foul Ball, location: 2F 1-2: Fly out, F7 (Flyball, 78S, EV 87.5 MPH)
|
| Bottom of the 7th over - 0 runs, 1 hit, 0 errors, 1 left on base; Cincinnati (NYP) 0 - Boise 4 |
| TOP OF THE 8TH |
|
Cincinnati (NYP) Reds batting - Pitching for Boise Hawks : RHP David Landa
|
|
Batting: RHB Badr al Din Ridha
|
0-0: Called Strike 0-1: Ball 1-1: Ball 2-1: Swinging Strike 2-2: Ball 3-2: Base on Balls
|
|
Batting: SHB Cesar Pelayo
|
0-0: Called Strike 0-1: Foul Ball, location: 2F 0-2: Strikes out swinging
|
|
Batting: SHB David Garnica
|
0-0: 2-RUN HOME RUN (Flyball, 9D, EV 93.8 MPH), Distance : 360 ft
|
|
Batting: RHB Chris Christaldi
|
0-0: Foul Ball, location: 2F 0-1: Foul Ball, location: 2F 0-2: Foul Ball, location: 2F 0-2: Ground out 5-3 (Groundball, 56, EV 78.1 MPH)
|
|
Batting: LHB Josh Slusarczyk
|
0-0: Called Strike 0-1: Foul Ball, location: 2F 0-2: Foul Ball, location: 2F 0-2: Strikes out swinging
|
| Top of the 8th over - 2 runs, 1 hit, 0 errors, 0 left on base; Cincinnati (NYP) 2 - Boise 4 |
| BOTTOM OF THE 8TH |
|
Boise Hawks batting - Pitching for Cincinnati (NYP) Reds : RHP Gabe Gutierrez
|
|
Batting: SHB Clayton Saunders
|
0-0: Ball 1-0: Ball 2-0: Ground out 4-3 (Groundball, 4, EV 89.4 MPH)
|
|
Batting: RHB Seisaburo Edagawa
|
0-0: Swinging Strike 0-1: Ball 1-1: Foul Ball, location: 2F 1-2: Strikes out swinging
|
|
Batting: SHB Ken Griffey IV
|
0-0: Called Strike 0-1: Foul Ball, location: 2F 0-2: Strikes out swinging
|
| Bottom of the 8th over - 0 runs, 0 hits, 0 errors, 0 left on base; Cincinnati (NYP) 2 - Boise 4 |
| TOP OF THE 9TH |
|
Cincinnati (NYP) Reds batting - Pitching for Boise Hawks : RHP David Landa
|
|
Pitching: RHP Zi-cheng Zhou
|
|
|
Batting: RHB Alex de Leon
|
0-0: Called Strike 0-1: Ball 1-1: Swinging Strike 1-2: Strikes out swinging
|
|
Pinch Hitting: LHB Cesar Arteaga
|
0-0: Called Strike 0-1: Ball 1-1: Called Strike 1-2: Ball 2-2: Ball 3-2: Foul Ball, location: 2F 3-2: Base on Balls
|
|
Pinch Hitting: RHB Andy Bachman
|
0-0: Ball 1-0: Ball 2-0: Ball 3-0: Base on Balls Cesar Arteaga to second
|
|
Pinch Hitting: RHB Freddie Brown
|
0-0: Ball 1-0: Ground out 5-3 (Groundball, 56S, EV 66.9 MPH) Cesar Arteaga to third Andy Bachman to second
|
|
Pinch Hitting: LHB Martin Koka
|
0-0: Called Strike 0-1: Ball 1-1: Ground out 1-3 (Groundball, 13S, EV 70.0 MPH)
|
| Top of the 9th over - 0 runs, 0 hits, 0 errors, 2 left on base; Cincinnati (NYP) 2 - Boise 4 |
|